 Dungeon Crawl Stone Soup version 0.31-a0-182-gc5ef74bbde (webtiles) character file.

Game seed: 1370375918413978094

72 qw the Chopper (level 4, -2/28 HPs)
             Began as a Gargoyle Fighter on June 21, 2023.
             Slain by an orc
             ... wielding a +0 hand axe
              (3 damage)
             ... on level 3 of the Dungeon.
             The game lasted 00:00:47 (1514 turns).

qw the Chopper (Gargoyle Fighter)                   Turns: 1514, Time: 00:00:48

Health: -2/28      AC:  7    Str: 21    XL:     4   Next: 25%
Magic:  4/4        EV:  9    Int:  9    God:
Gold:   121        SH:  4    Dex:  9    Spells: 3/3 levels left

rFire   . . .        Y - +2 war axe
rCold   . . .        c - +0 buckler
rNeg    + . .        b - +0 scale mail
rPois   inf          (no helmet)
rElec   +            (no cloak)
rCorr   .            (no gloves)
SInv    .            a - +0 pair of boots
Will    .....        (no amulet) Stlth
                     (no ring)
HPRegen 0.24/turn    (no ring)
MPRegen 0.09/turn

%: no passive effects
@: corroded
A: sickness immunity, AC +3, negative energy resistance 1, electricity
resistance, torment resistance 1, petrification resistance
a: no special abilities


You were on level 3 of the Dungeon.
You visited 1 branch of the dungeon, and saw 3 of its levels.

You collected 121 gold pieces.


Innate Abilities, Weirdness & Mutations

You are immune to sickness and miasma.
Your stone body is resilient. (AC +3)
You are immune to poison.
You resist negative energy. (rN+)
You are resistant to electric shocks. (rElec)
You are resistant to unholy torment.
You are immune to petrification.


   Skills:
 - Level 3.2 Fighting
 + Level 4.0 Axes
 - Level 3.2 Armour
 - Level 3.2 Shields


You had 3 spell levels left.
You didn't know any spells.
Your spell library was empty.

Inventory:

Hand Weapons
 j - a +0 whip
 Y - a +2 war axe (weapon)
Armour
 a - a +0 pair of boots (worn)
 b - a +0 scale mail (worn)
 c - a +0 buckler (worn)
Jewellery
 e - a ring of protection from fire
 k - an amulet of magic regeneration
Scrolls
 g - a scroll of identify
 i - 2 scrolls of brand weapon {unknown}
Potions
 d - a potion of might
 f - a potion of berserk rage {unknown}
 h - a potion of curing {unknown}

Dungeon Overview and Level Annotations

Branches:
Dungeon (3/15)

Altars:
Nemelex Xobeh


Message History

Your Axes skill increases to level 4!
You closely miss the orc.
The orc is severely wounded.
You hit Ijyb but do no damage.
Ijyb zaps a wand.
The bolt of acid misses you. You block the orc's attack.
You barely miss the orc.
The orc is severely wounded.
You barely miss Ijyb. Ijyb hits you but does no damage. x2
You slash Ijyb!
Ijyb is heavily wounded.
You barely miss the orc. You closely miss the orc.
Ijyb hits you but does no damage. The orc hits you but does no damage. x2
You slash Ijyb!
Ijyb is almost dead.
You hit the orc. You slash the orc!
You kill the orc!
Ijyb screams, "No!
No, no, no, no!"
Ijyb barely misses you. The orc hits you but does no damage.
You hit Ijyb but do no damage.
Ijyb is almost dead.
You closely miss the orc.
Ijyb zaps a wand.
The bolt of acid hits you! The orc barely misses you.
Ijyb hits you with a +0 dagger.
You barely miss Ijyb.
Ijyb is almost dead.
You barely miss the orc. The orc hits you with a +0 club.
Ijyb closely misses you.
You barely miss Ijyb.
Ijyb is almost dead.
You hit the orc but do no damage. x2
Ijyb zaps a wand.
The bolt of acid hits you! The acid corrodes you!
The orc hits you with a +0 hand axe. The orc hits you but does no damage.
You slash Ijyb!
You kill Ijyb!
You slash the orc!
You kill the orc!
You completely miss the orc. The orc hits you but does no damage.
The orc hits you with a +0 hand axe.
You die...

.. <. ###.###
.....### ......#
....#####
#oJ......
###@)......
#.........# .
#..........## ...
##..#####...[
....##...###
#....
...........# ....
#.........###..##
########..%#....#
#........#


You could see an orc and an endoplasm.

Vanquished Creatures
  Ijyb (D:3)
  A gnoll (D:2)
  An adder (D:2)
  2 worms (D:2)
  3 orcs (D:3)
  5 ball pythons
  2 bats (D:1)
  2 endoplasms
  3 giant cockroaches
  5 goblins
  3 hobgoblins
  2 jackals (D:2)
  6 kobolds
  3 quokkas
  A frilled lizard (D:2)
  4 rats
44 creatures vanquished.

Notes
Turn   | Place    | Note
-------+----------+-------------------------------------------
     0 | D:1      | qw the Gargoyle Fighter began the quest for the Orb.
     0 | D:1      | Reached XP level 1. HP: 14/14 MP: 1/1
     0 | D:1      | 0 ||| qw: Version: 0.3-a-9-g12657ce
     0 | D:1      | 0 ||| qw: Game counter: 1590
     0 | D:1      | 0 ||| qw: Always use a shield: true
     0 | D:1      | 0 ||| qw: God list: Okawaru
     0 | D:1      | 0 ||| qw: Allow faded altars: false
     0 | D:1      | 0 ||| qw: Do Orc after D:15 true
     0 | D:1      | 0 ||| qw: Do second Lair branch before Depths: true
     0 | D:1      | 0 ||| qw: Lair rune preference: random
     0 | D:1      | 0 ||| qw: Plans: Normal, Zot:1-4, Slime:5, God:TSO, Crypt,
                  | Tomb, Abyss, Pan, Hells, Win
     0 | D:1      | 0 ||| PLANNING D:1-11
    90 | D:1      | Reached skill level 2 in Axes
   125 | D:1      | 125 ||| Stepping ~*~*~tactically~*~*~ (stealth).
   207 | D:1      | Reached XP level 2. HP: 19/19 MP: 2/2
   687 | D:1      | Reached skill level 3 in Axes
   714 | D:1      | 714 ||| DROPPING +0 club.
   798 | D:1      | 798 ||| READING scroll labelled TOITAO FIWU.
   799 | D:1      | 799 ||| READING scroll labelled JAASUJ HILI.
   800 | D:1      | 800 ||| READING 2 scrolls labelled LONUM YMNOQ.
   801 | D:1      | 801 ||| READING scroll of enchant weapon.
   801 | D:1      | 801 ||| ENCHANTING +1 war axe.
   917 | D:2      | Reached XP level 3. HP: 17/23 MP: 3/3
   987 | D:2      | 987 ||| Stepping ~*~*~tactically~*~*~ (stealth).
  1035 | D:2      | Found a sparkling altar of Nemelex Xobeh.
  1058 | D:2      | 1058 ||| Stepping ~*~*~tactically~*~*~ (stealth).
  1403 | D:2      | Reached XP level 4. HP: 26/28 MP: 4/4
  1423 | D:2      | 1423 ||| UPGRADING to +0 pair of boots.
  1428 | D:2      | 1428 ||| READING scroll labelled COC ERUSHRAGE.
  1429 | D:2      | 1429 ||| READING scroll labelled UWIUHADIYT.
  1501 | D:3      | Noticed Ijyb
  1502 | D:3      | 1502 ||| Stepping ~*~*~tactically~*~*~ (hiding).
  1507 | D:3      | Reached skill level 4 in Axes
  1513 | D:3      | HP: 4/28 [Ijyb/bolt of acid (10)]
  1513 | D:3      | HP: 1/28 [orc/+0 hand axe (3)]
  1514 | D:3      | Killed Ijyb
  1514 | D:3      | Slain by an orc

Levels and vault maps discovered:
D:1:      dpeg_arrival_stonehenge_12_columns, layout_loops_corners
D:2:      layout_basic, basic_altar, cheibrodos_gnoll_hut
D:3:      layout_basic, yredelemnul_altar_generic, hangedman_decor_growths,
          uniq_ijyb

Skill      XL: |  1  2  3  4 |
---------------+-------------+-----
Axes           | 2 3 4 |  4.0
Fighting       | |  3.2
Armour         | |  3.2
Shields        | |  3.2

Action                     |  1- 3 |  4- 6 || total
---------------------------+-------+-------++-------
  Melee: War axe           |    98 |    18 ||   116
    Use: Scroll            |     4 |     2 ||     6
 Armour: Scale mail        |    40 |    16 ||    56
  Dodge: Dodged            |    38 |     9 ||    47
  Block: Buckler           |    17 |     2 ||    19

Table legend:
 A = Non-vault XP
 B = Vault XP
 C = Vault XP percentage of total XP
 D = Non-vault monster count
 E = Vault monster count
 F = Vault count percentage of total count
                 A         B        C        D         E       F
            +---------+---------+-------+---------+---------+-------
      Total |      88 |      53 |  37.6 |      40 |       4 |   9.1
            +---------+---------+-------+---------+---------+-------
        D:1 |      32 |       0 |   0.0 |      20 |       0 |   0.0
        D:2 |      43 |      18 |  29.5 |      15 |       3 |  16.7
        D:3 |      13 |      35 |  72.9 |       5 |       1 |  16.7
            +---------+---------+-------+---------+---------+-------
